 Dungeon Crawl Stone Soup version 0.31-a0-636-ge1c0e020e0 (webtiles) character file.

Game seed: 941150602464775441

60 avis the Chopper (level 4, -1/39 HPs)
             Began as a Hill Orc Monk on Aug 26, 2023.
             Slain by an orc
             ... wielding a +0 falchion
              (6 damage)
             ... on level 3 of the Dungeon.
             The game lasted 00:05:42 (1650 turns).

avis the Chopper (Hill Orc Monk)                    Turns: 1650, Time: 00:05:43

Health: -1/39      AC:  3    Str: 15    XL:     4   Next: 6%
Magic:  4/4        EV: 12    Int: 10    God:
Gold:   155        SH:  0    Dex: 13    Spells: 3/3 levels left

rFire   . . .        a - +0 hand axe
rCold   . . .        d - orb {light}
rNeg    . . .        b - +0 robe
rPois   .            (no helmet)
rElec   .            h - +0 cloak
rCorr   .            (no gloves)
SInv    .            (no boots)
Will    .....        (no amulet)
Stlth   +            (no ring)
HPRegen 0.26/turn    (no ring)
MPRegen 0.09/turn

%: no passive effects
@: glowing
A: no striking features
a: no special abilities


You were on level 3 of the Dungeon.
You visited 1 branch of the dungeon, and saw 3 of its levels.

You collected 155 gold pieces.

Inventory:

Hand Weapons
 a - a +0 hand axe (weapon)
 j - a +0 trident
Missiles
 m - 34 stones
Armour
 b - a +0 robe (worn)
 d - an orb of light (worn)
 h - a +0 cloak (worn)
Magical Staves
 k - a staff of poison
Scrolls
 e - a scroll of blinking {unknown}
 f - a scroll of enchant weapon {unknown}
 g - a scroll of enchant armour {unknown}
 l - a scroll of identify {unknown}
 o - 2 scrolls of fear {unknown}
Potions
 c - a potion of ambrosia
 i - a potion of degeneration {unknown}
 n - 2 potions of brilliance {unknown}


   Skills:
 - Level 3.6 Fighting
 * Level 6.4 Axes
 - Level 2.4 Dodging


You had 3 spell levels left.
You didn't know any spells.
Your spell library contained the following spells:

 Spells                   Type           Power      Damage    Failure   Level
 Vhi's Electric Charge    Tloc/Air       0%         N/A       75%         3
 Arcjolt                  Conj/Air       0%         1d10      100%        5
 Plasma Beam              Fire/Air       0%         2x1d10    100%        6


Dungeon Overview and Level Annotations

Branches:
Dungeon (3/15)

Altars:


Message History

The orc wizard casts a spell at you. The puff of flame hits you!
The orc wizard hits you with a +0 dagger.
* * * LOW HITPOINT WARNING * * *
Things that are here:
a +0 club; an orc corpse You hit the orc wizard but do no damage.
The orc wizard hits you with a +0 dagger.
* * * LOW HITPOINT WARNING * * *
You slash the orc wizard!
The orc wizard is heavily wounded.
The orc wizard points at you and mumbles some strange words.
You are confused.
You bump into the rock wall.
The orc wizard hits you with a +0 dagger.
* * * LOW HITPOINT WARNING * * *
You hit the orc wizard but do no damage.
The orc wizard is heavily wounded.
The orc wizard hits you with a +0 dagger.
* * * LOW HITPOINT WARNING * * *
You hit the orc wizard.
The orc wizard is severely wounded.
The orc wizard points at you and mumbles some strange words.
The magic dart hits you.
* * * LOW HITPOINT WARNING * * *
You bump into the rock wall.
The orc wizard misses you.
You hit the orc wizard.
The orc wizard is severely wounded.
The orc wizard misses you.
You bump into the rock wall.
The orc wizard closely misses you.
You feel less confused.
You hit the orc wizard but do no damage.
The orc wizard is severely wounded.
The orc wizard barely misses you.
You hit the orc wizard.
You kill the orc wizard!
Your Axes skill increases to level 6!
You have reached level 4!
You hit the orc but do no damage. The orc hits you with a +0 falchion.
You die...

...
####
... ..
.#. ..
. #. #.
##.##
#..<##
#.###.#
#@# #o#
#..o##
##.# #.
#


You could see 2 orcs.

Vanquished Creatures
  An orc wizard (D:3)
  A worm (D:2)
  A dart slug (D:2)
  An orc (D:3)
  3 bats
  2 endoplasms (D:1)
  3 giant cockroaches (D:2)
  2 goblins
  3 hobgoblins (D:2)
  2 quokkas
  3 ball pythons (D:2)
  A frilled lizard (D:1)
  5 kobolds (D:2)
  2 rats
30 creatures vanquished.

Notes
Turn   | Place    | Note
-------+----------+-------------------------------------------
     0 | D:1      | avis the Hill Orc Monk began the quest for the Orb.
     0 | D:1      | Reached XP level 1. HP: 19/19 MP: 1/1
   477 | D:1      | Reached XP level 2. HP: 25/26 MP: 2/2
   813 | D:2      | Found a faded altar of an unknown god.
   870 | D:2      | Reached skill level 5 in Axes
   993 | D:2      | Reached XP level 3. HP: 26/31 MP: 3/3
  1650 | D:3      | Reached skill level 6 in Axes
  1650 | D:3      | Reached XP level 4. HP: 5/39 MP: 4/4
  1650 | D:3      | Slain by an orc

Illustrated notes

Levels and vault maps discovered:
D:1:      scummos_arrival_forest, layout_basic
D:2:      cheibrodos_helix_gallery, layout_loops_ring,
          ebering_ecumenical_altar_mist, nicolae_kite_square_tiling_tiny
D:3:      layout_loops_cross

Skill      XL: |  1  2  3 |
---------------+----------+-----
Axes           | 5 6 |  6.4
Fighting       | |  3.6
Dodging        | |  2.4

Action                     |  1- 3 |  4- 6 || total
---------------------------+-------+-------++-------
  Melee: Hand axe          |    89 |     1 ||    90
 Armour: Robe              |    25 |       ||    25
  Dodge: Dodged            |    51 |       ||    51

Table legend: (Time is in decaauts)
 A = Elapsed time spent in this place.
 B = Non-inter-level travel time spent in this place.
 C = Inter-level travel time spent in this place.
 D = Time resting spent in this place.
 E = Time spent auto-exploring this place.
 F = Levels seen in this place.
 G = Mean time per level.
                   A        B        C        D        E       F      G
               +--------+--------+--------+--------+--------+-----+--------+
         Total |   1654 |   1447 |    207 |     96 |    996 |   3 |  551.3 |
       Dungeon |   1654 |   1447 |    207 |     96 |    996 |   3 |  551.3 |
               +--------+--------+--------+--------+--------+-----+--------+

Top non-repeatable levels by time:
     D:2: 803 daAuts
     D:1: 803 daAuts
     D:3: 46 daAuts
